 Dungeon Crawl Stone Soup version 0.29.1-1-gd02db6906a (webtiles) character file.

Game seed: 2866590078566873021

23 cdecastro the Sneak (level 3, -5/18 HPs)
             Began as a Vine Stalker Brigand on Oct 19, 2022.
             Was a Follower of Uskayaw.
             Slain by Terence
             ... wielding a +0 flail
              (7 damage)
             ... on level 2 of the Dungeon.
             The game lasted 00:02:28 (1150 turns).

cdecastro the Sneak (Vine Stalker Brigand)          Turns: 1150, Time: 00:02:29

Health: -5/18      AC:  3    Str: 13    XL:     3   Next: 0%
Magic:  0/4        EV: 11    Int: 11    God:    Uskayaw [*.....]
Gold:   83         SH:  0    Dex: 17    Spells: 2/2 levels left

rFire   . . .      SeeInvis .   m - +2 dagger (drain)
rCold   . . .      Faith    .   (no shield)
rNeg    . . .      Spirit   +   b - +0 robe
rPois   .          Reflect  .   (no helmet)
rElec   .          Harm     .   c - +0 cloak
rCorr   .          Rampage  .   (no gloves)
Will    .....                   (no boots)
Stlth   +++.......              (no amulet)
HPRegen 0.06/turn               (no ring)
MPRegen 0.09/turn               (no ring)

@: no status effects
A: fangs 2, magic shield, antimagic bite, no potion heal 2
a: Renounce Religion, Stomp


You were on level 2 of the Dungeon.
You worshipped Uskayaw.
Uskayaw was noncommittal.
You visited 1 branch of the dungeon, and saw 2 of its levels.

You collected 83 gold pieces.

Inventory:

Hand Weapons
 a - a +2 dagger
 m - a +2 dagger of draining (weapon)
Missiles
 d - 8 poisoned darts (quivered)
 e - 3 curare-tipped darts
Armour
 b - a +0 robe (worn)
 c - a +0 cloak (worn)
 i - a +0 pair of gloves
Jewellery
 k - a +6 ring of intelligence
Scrolls
 f - a scroll of blinking {unknown}
 g - a scroll of amnesia {unknown}
 n - a scroll of brand weapon {unknown}
 o - a scroll of teleportation {unknown}
 p - a scroll of summoning {unknown}
 q - a scroll of identify {unknown}
 r - a scroll of magic mapping {unknown}
Potions
 h - a potion of haste {unknown}
 j - a potion of mutation {unknown}
 l - a potion of heal wounds {unknown}


   Skills:
 - Level 1.7 Fighting
 - Level 1.7 Short Blades
 + Level 3.0 Throwing
 - Level 0.7 Dodging
 - Level 4.8 Stealth


You had 2 spell levels left.
You didn't know any spells.
Your spell library was empty.

Dungeon Overview and Level Annotations

Branches:
Dungeon (2/15)

Altars:
Uskayaw

Annotations:
D:2 Terence


Innate Abilities, Weirdness & Mutations

You have extremely sharp teeth.
When hurt, damage is shared between your health and your magic reserves.
Your bite disrupts and absorbs the magic of your enemies.
Potions cannot restore your health.


Message History

The poisoned dart closely misses the ball python.
The poisoned dart hits Terence.
Terence is poisoned.
The ball python bites you but does no damage.
The ball python grabs you. The ball python constricts you.
You closely miss the ball python. Your bite misses the ball python.
The ball python bites you but does no damage.
The ball python constricts you.
* * * LOW HITPOINT WARNING * * *
Terence says, "Rest in peace."
You barely miss the ball python. You bite the ball python. You drain its power.
You feel invigorated.
The ball python is severely wounded.
The ball python barely misses you. The ball python constricts you.
The ball python bites you.
* * * LOW HITPOINT WARNING * * *
The ball python constricts you.
You closely miss the ball python.
The ball python is severely wounded.
The ball python bites you.
* * * LOW HITPOINT WARNING * * *
The ball python constricts you.
Unknown command.
You hit the ball python.
You kill the ball python!
You have reached level 3!
Your experience leads to an increase in your attributes!
Increase (S)trength, (I)ntelligence, or (D)exterity?
You feel agile. x2
Unknown command.
Okay, then.
Unknown command.
Okay, then.
Unknown command.
Terence attacks as you move away! Terence barely misses you.
Terence attacks as you move away! Terence closely misses you.
Terence looks more healthy.
Terence shouts, "Now you die!"
There is a stone staircase leading up here.
Terence hits you with a +0 flail!
You die...

#....#####....†(.##......
#....#.......######......
#....#.......# #......
#....#.......# #......
#....#.......# #......
#............#### #......
########....†........... .......
#..............@S...####........
#.###..........@...........####.
#.##......##.############## .
#...............#.........
#.........##..#.#.########
#.........##..#.........#
#......#####..#.........#
#.............#.........#
##.....###..............#
#.....###.#............#


You could see Terence and a ball python.

Vanquished Creatures
  2 ball pythons
  An endoplasm (D:1)
  A giant cockroach (D:1)
  A hobgoblin (D:1)
  4 kobolds (D:1)
  2 quokkas (D:1)
  2 bats
  3 goblins (D:1)
  7 rats
23 creatures vanquished.

Notes
Turn   | Place    | Note
-------+----------+-------------------------------------------
     0 | D:1      | cdecastro the Vine Stalker Brigand began the quest for the
                  | Orb.
     0 | D:1      | Reached XP level 1. HP: 11/11 MP: 2/2
   237 | D:1      | Reached XP level 2. HP: 15/15 MP: 3/3
   289 | D:1      | Found a faded altar of an unknown god.
   374 | D:1      | Prayed at the altar of an unknown god.
   374 | D:1      | Became a worshipper of Uskayaw the Reveller
   374 | D:1      | Reached * piety under Uskayaw
  1073 | D:2      | Reached ** piety under Uskayaw
  1125 | D:2      | Noticed Terence
  1142 | D:2      | Reached XP level 3. HP: 1/18 MP: 0/4
  1150 | D:2      | Slain by Terence

Illustrated notes

Levels and vault maps discovered:
D:1:      dpeg_arrival_shelter, layout_basic,
          hellmonk_ecumenical_altar_pennies_from_heaven, nicolae_hexahallways,
          chequers_jeans, minmay_strange_pillars
D:2:      layout_basic, st_stairs_10, moated_statue, uniq_terence

Skill      XL: |  1  2 |
---------------+-------+-----
Throwing       | 2 3 |  3.0
Fighting       | |  1.7
Short Blades   | |  1.7
Dodging        | |  0.7
Stealth        | |  4.8

Action                   || total
-------------------------++-------
Melee: Dagger            ||    47
       Bite              ||    10
       Punch             ||     1
Throw: Dart              ||     1
 Stab: Sleeping          ||    11
Armor: Robe              ||     8
Dodge: Dodged            ||    34
